AoeStats
← ajanderson120

Nomad

507377078Analyzed
4v4 RM · 16d ago on Sep 17, 2026· 22m 52s· 8 players
Game mode
Random Map
Map size
231×231
Population
200
Speed
Normal
Resources
Standard
Victory
Conquest
Starting age
Dark Age
Ending age
Imperial Age
RankedLock teamsTeams togetherTeam positionsShared explorationLock speedFull tech treeHidden civsTurbo modeCheats
Victory
Defeat
🇲🇦 Bohemians · Morocco
1288
+13
🇲🇽 Burmese · Mexico
1285
+14
🇬🇧 Bengalis · United Kingdom
1226
+16
🇺🇦 Malay · Ukraine
1187
+18
🇵🇪 Britons · Peru
1288
-18
🇨🇳 Vietnamese · China
1261
-17
🇺🇸 Koreans · United States
1202
-14
🇺🇸 Spanish · United States
1158
-12
skabbet
9:54 Loom
13:07 Feudal Age
19:08 Castle Age
19:06 Gold Mining
20:22 Horse Collar
20:43 Fletching
Yoalliperro
5:06 Loom
13:07 Feudal Age
19:17 Castle Age
18:14 Gold Mining
20:57 Bloodlines
22:32 Gold Shaft Mining
only_mousee
2:58 Loom
13:46 Feudal Age
17:37 Castle Age
17:12 Scale Barding Armor
19:39 Husbandry
21:50 Fletching
No-One-Knows-Me
4:58 Loom
14:23 Feudal Age
15:09 Fishing Lines
20:12 Castle Age
18:52 Town Watch
ajanderson120
3:38 Loom
13:28 Feudal Age
14:10 Double-Bit Axe
19:44 Castle Age
19:55 Stone Mining
19:57 Gold Mining
jellyman123
5:38 Loom
17:10 Feudal Age
GPT Astra Ultra
5:59 Loom
15:21 Feudal Age
20:08 Castle Age
18:21 Fletching
20:54 Bodkin Arrow
因为
14:49 Feudal Age
15:17 Loom
15:41 Double-Bit Axe
16:03 Fishing Lines
20:15 Castle Age
18:16 Stone Mining
21:02 Gillnets
Connection lost

Rejoining the realm…

Still unreachable

The connection could not be restored.

Session expired

The server has moved on; the page needs a fresh start.